PCL
SPOKANE TRAPPERS @ REDWOOD CITY REDWOODS
09/19/2026
 
TOP OF THE 1ST
Spokane Trappers batting - Pitching for Redwood City Redwoods : RHP Thatcher Smith
Pitching: RHP Thatcher Smith
Batting: RHB Tomás Carranza 0-0: Called Strike
0-1: Foul Ball, location: 2F
0-2: Ball
1-2: Ground out 1-3 (Groundball, 15)
Batting: SHB Nick Cox 0-0: Foul Ball, location: 2F
0-1: Foul Ball, location: 2F
0-2: SINGLE (Line Drive, 4MD)
Batting: RHB José Gómez 0-0: Called Strike
0-1: Called Strike
0-2: Ball
1-2: Ball
2-2: Grounds into double play, U4-3 (Groundball, 4)
Top of the 1st over - 0 run(s), 1 hit(s), 0 error(s), 0 left on base; Spokane 0 - Redwood City 0
BOTTOM OF THE 1ST
Redwood City Redwoods batting - Pitching for Spokane Trappers : RHP Jae-hyun Ch'oe
Pitching: RHP Jae-hyun Ch'oe
Batting: RHB Bob Campbell 0-0: Ball
1-0: Called Strike
1-1: Fly out, F8 (Flyball, 8LS)
Batting: RHB Philip Burke 0-0: Ball
1-0: Fly out, F7 (Popup, 6D)
Batting: LHB Germán Charfauros 0-0: Called Strike
0-1: Ball
1-1: Called Strike
1-2: Strikes out swinging
Bottom of the 1st over - 0 run(s), 0 hit(s), 0 error(s), 0 left on base; Spokane 0 - Redwood City 0
TOP OF THE 2ND
Spokane Trappers batting - Pitching for Redwood City Redwoods : RHP Thatcher Smith
Batting: LHB Héctor Rentería 0-0: Foul Ball, location: 2F
0-1: Ball
1-1: Ball
2-1: Called Strike
2-2: Foul Ball, location: 2F
2-2: Foul Ball, location: 2F
2-2: Strikes out swinging
Batting: LHB Colin Ives 0-0: Swinging Strike
0-1: Swinging Strike
0-2: Ball
1-2: Ball
2-2: Ball
3-2: Strikes out swinging
Batting: RHB Clyde Kelley 0-0: Swinging Strike
0-1: Fly out, F9 (Flyball, 89M)
Top of the 2nd over - 0 run(s), 0 hit(s), 0 error(s), 0 left on base; Spokane 0 - Redwood City 0
BOTTOM OF THE 2ND
Redwood City Redwoods batting - Pitching for Spokane Trappers : RHP Jae-hyun Ch'oe
Batting: LHB Ryan Hensley 0-0: Called Strike
0-1: Ball
1-1: Ball
2-1: DOUBLE (Line Drive, 9LD)
Batting: RHB Xavier Feliciano 0-0: Called Strike
0-1: Swinging Strike
0-2: Foul Ball, location: 2F
0-2: Ball
1-2: Hit by Pitch
Batting: RHB William Parker 0-0: Called Strike
0-1: Ball
1-1: Foul Ball, location: 2F
1-2: Ball
2-2: Ground out 5-3 (Groundball, 15S)
Ryan Hensley to third
Xavier Feliciano to second
Batting: LHB Paul Alexander 0-0: Called Strike
0-1: Ball
1-1: Called Strike
1-2: Ball
2-2: Fly out, F9 (Flyball, 9LM)
Runner from 3rd tags up, SCORES, throw made
Batting: RHB Júlio Trinidad 0-0: Called Strike
0-1: Ball
1-1: Swinging Strike
1-2: Foul Ball, location: 2F
1-2: Ball
2-2: Ball
3-2: Foul Ball, location: 2F
3-2: Foul Ball, location: 2F
3-2: Base on Balls
Batting: RHB Jesús Cuevas 0-0: Foul Ball, location: 2F
0-1: Ball
1-1: Swinging Strike
1-2: Foul Ball, location: 2F
1-2: Ball
2-2: Strikes out swinging
Bottom of the 2nd over - 1 run(s), 1 hit(s), 0 error(s), 2 left on base; Spokane 0 - Redwood City 1
TOP OF THE 3RD
Spokane Trappers batting - Pitching for Redwood City Redwoods : RHP Thatcher Smith
Batting: RHB Ramiro Ross 0-0: Foul Ball, location: 2F
0-1: Ball
1-1: Foul Ball, location: 2F
1-2: Strikes out swinging
Batting: LHB Juan Viera 0-0: Called Strike
0-1: Fly out, F4 (Line Drive, 4)
Batting: RHB Pedro Rodríguez 0-0: Foul Ball, location: 2F
0-1: Foul Ball, location: 2F
0-2: Strikes out swinging
Top of the 3rd over - 0 run(s), 0 hit(s), 0 error(s), 0 left on base; Spokane 0 - Redwood City 1
BOTTOM OF THE 3RD
Redwood City Redwoods batting - Pitching for Spokane Trappers : RHP Jae-hyun Ch'oe
Batting: RHB Bob Campbell 0-0: Called Strike
0-1: Ball
1-1: Foul Ball, location: 2F
1-2: Foul Ball, location: 2F
1-2: Strikes out swinging
Batting: RHB Philip Burke 0-0: Fly out, F9 (Flyball, 89M)
Batting: LHB Germán Charfauros 0-0: Called Strike
0-1: SINGLE (Flyball, 8LS)
Batting: LHB Ryan Hensley 0-0: Foul Ball, location: 2F
0-1: Swinging Strike
0-2: Ball
1-2: Ball
2-2: Strikes out swinging
Bottom of the 3rd over - 0 run(s), 1 hit(s), 0 error(s), 1 left on base; Spokane 0 - Redwood City 1
TOP OF THE 4TH
Spokane Trappers batting - Pitching for Redwood City Redwoods : RHP Thatcher Smith
Batting: RHB Tomás Carranza 0-0: Called Strike
0-1: Called Strike
0-2: Ball
1-2: Strikes out looking
Batting: SHB Nick Cox 0-0: Ball
1-0: Ball
2-0: Called Strike
2-1: Foul Ball, location: 2F
2-2: Strikes out swinging
Batting: RHB José Gómez 0-0: Foul Ball, location: 2F
0-1: Swinging Strike
0-2: Foul Ball, location: 2F
0-2: Strikes out swinging
Top of the 4th over - 0 run(s), 0 hit(s), 0 error(s), 0 left on base; Spokane 0 - Redwood City 1
BOTTOM OF THE 4TH
Redwood City Redwoods batting - Pitching for Spokane Trappers : RHP Jae-hyun Ch'oe
Batting: RHB Xavier Feliciano 0-0: Called Strike
0-1: Ball
1-1: Called Strike
1-2: Ball
2-2: Ground out 6-3 (Groundball, 6)
Batting: RHB William Parker 0-0: Called Strike
0-1: Foul Ball, location: 2F
0-2: Strikes out looking
Batting: LHB Paul Alexander 0-0: Fly out, F7 (Flyball, 7M)
Bottom of the 4th over - 0 run(s), 0 hit(s), 0 error(s), 0 left on base; Spokane 0 - Redwood City 1
TOP OF THE 5TH
Spokane Trappers batting - Pitching for Redwood City Redwoods : RHP Thatcher Smith
Batting: LHB Héctor Rentería 0-0: Foul Ball, location: 2F
0-1: Ball
1-1: Ground out 5-3 (Groundball, 56S)
Batting: LHB Colin Ives 0-0: Ball
1-0: Ground out 5-3 (Groundball, 56S)
Batting: RHB Clyde Kelley 0-0: Swinging Strike
0-1: Swinging Strike
0-2: Strikes out swinging
Top of the 5th over - 0 run(s), 0 hit(s), 0 error(s), 0 left on base; Spokane 0 - Redwood City 1
BOTTOM OF THE 5TH
Redwood City Redwoods batting - Pitching for Spokane Trappers : RHP Jae-hyun Ch'oe
Batting: RHB Júlio Trinidad 0-0: Foul Ball, location: 2F
0-1: Ball
1-1: Ball
2-1: Ball
3-1: Foul Ball, location: 2F
3-2: SOLO HOME RUN (Flyball, 9LD), Distance : 324 ft
Batting: RHB Jesús Cuevas 0-0: Ball
1-0: Ball
2-0: Ground out 4-3 (Groundball, 34)
Batting: RHB Bob Campbell 0-0: Called Strike
0-1: Ball
1-1: Ball
2-1: Called Strike
2-2: Ball
3-2: Fly out, F8 (Flyball, 8LM)
Batting: RHB Philip Burke 0-0: Called Strike
0-1: Ball
1-1: Swinging Strike
1-2: Ball
2-2: Strikes out swinging
Bottom of the 5th over - 1 run(s), 1 hit(s), 0 error(s), 0 left on base; Spokane 0 - Redwood City 2
TOP OF THE 6TH
Spokane Trappers batting - Pitching for Redwood City Redwoods : RHP Thatcher Smith
Batting: RHB Ramiro Ross 0-0: Called Strike
0-1: Ball
1-1: Ball
2-1: Swinging Strike
2-2: Strikes out swinging
Batting: LHB Juan Viera 0-0: Ball
1-0: Called Strike
1-1: DOUBLE (Line Drive, 7LS)
Batting: RHB Pedro Rodríguez 0-0: Swinging Strike
0-1: Foul Ball, location: 2F
0-2: Ball
1-2: Ball
2-2: Ball
3-2: Fly out, F2 (Popup, 2LF)
Batting: RHB Tomás Carranza 0-0: Swinging Strike
0-1: Foul Ball, location: 2F
0-2: Ground out 6-3 (Groundball, 6)
Top of the 6th over - 0 run(s), 1 hit(s), 0 error(s), 1 left on base; Spokane 0 - Redwood City 2
BOTTOM OF THE 6TH
Redwood City Redwoods batting - Pitching for Spokane Trappers : RHP Jae-hyun Ch'oe
Batting: LHB Germán Charfauros 0-0: Called Strike
0-1: Called Strike
0-2: Ground out 4-3 (Groundball, 34)
Batting: LHB Ryan Hensley 0-0: Ball
1-0: Ball
2-0: Called Strike
2-1: Foul Ball, location: 2F
2-2: Strikes out swinging
Batting: RHB Xavier Feliciano 0-0: Called Strike
0-1: Fly out, F8 (Line Drive, 8RS)
Bottom of the 6th over - 0 run(s), 0 hit(s), 0 error(s), 0 left on base; Spokane 0 - Redwood City 2
TOP OF THE 7TH
Spokane Trappers batting - Pitching for Redwood City Redwoods : RHP Thatcher Smith
Batting: SHB Nick Cox 0-0: Called Strike
0-1: Ball
1-1: Ground out 6-3 (Groundball, 6)
Batting: RHB José Gómez 0-0: Ground out 4-3 (Groundball, 4)
Batting: LHB Héctor Rentería 0-0: Called Strike
0-1: Ground out 6-3 (Groundball, 6)
Top of the 7th over - 0 run(s), 0 hit(s), 0 error(s), 0 left on base; Spokane 0 - Redwood City 2
BOTTOM OF THE 7TH
Redwood City Redwoods batting - Pitching for Spokane Trappers : RHP Jae-hyun Ch'oe
Batting: RHB William Parker 0-0: Fly out, F6 (Popup, 6)
Batting: LHB Paul Alexander 0-0: Called Strike
0-1: Foul Ball, location: 2F
0-2: Ball
1-2: Ball
2-2: Strikes out looking
Batting: RHB Júlio Trinidad 0-0: Foul Ball, location: 2F
0-1: Called Strike
0-2: Ball
1-2: Ball
2-2: SINGLE (Flyball, 7S)
Pitching: RHP Ching-wei Zi
Batting: RHB Jesús Cuevas 0-0: Swinging Strike
0-1: Fielders Choice at 2nd, 6-4 (Groundball, 6)
Bottom of the 7th over - 0 run(s), 1 hit(s), 0 error(s), 0 left on base; Spokane 0 - Redwood City 2
TOP OF THE 8TH
Spokane Trappers batting - Pitching for Redwood City Redwoods : RHP Thatcher Smith
Batting: LHB Colin Ives 0-0: Ball
1-0: Ball
2-0: DOUBLE (Line Drive, 9LM)
Batting: RHB Clyde Kelley 0-0: Ball
1-0: Ball
2-0: Called Strike
2-1: Foul Ball, location: 2F
2-2: Foul Ball, location: 2F
2-2: Strikes out looking
Batting: RHB Ramiro Ross 0-0: Ball
1-0: Foul Ball, location: 2F
1-1: Called Strike
1-2: Foul Ball, location: 2F
1-2: Foul Ball, location: 2F
1-2: Strikes out swinging
Batting: LHB Juan Viera 0-0: Ball
1-0: Ball
2-0: Foul Ball, location: 2F
2-1: Foul Ball, location: 2F
2-2: Strikes out swinging
Top of the 8th over - 0 run(s), 1 hit(s), 0 error(s), 1 left on base; Spokane 0 - Redwood City 2
BOTTOM OF THE 8TH
Redwood City Redwoods batting - Pitching for Spokane Trappers : RHP Ching-wei Zi
Batting: RHB Bob Campbell 0-0: Reached on error, E6 (Groundball, 56)
Batting: RHB Philip Burke 0-0: Ball
1-0: DOUBLE (Flyball, 8RXD)
Bob Campbell to third
Batting: LHB Germán Charfauros 0-0: Intentional Walk
Batting: LHB Ryan Hensley 0-0: Called Strike
0-1: Ball
1-1: Swinging Strike
1-2: Ball
2-2: Ball
3-2: Base on Balls
Bob Campbell scores
Philip Burke to third
Germán Charfauros to second
Batting: RHB Xavier Feliciano 0-0: Swinging Strike
0-1: Ball
1-1: Called Strike
1-2: Strikes out looking
Pinch Hitting: LHB Jeff Tucker 0-0: Fly out, F6 (Popup, 56D)
Batting: LHB Paul Alexander 0-0: Ball
1-0: Ground out 4-3 (Groundball, 4)
Bottom of the 8th over - 1 run(s), 1 hit(s), 1 error(s), 3 left on base; Spokane 0 - Redwood City 3
TOP OF THE 9TH
Spokane Trappers batting - Pitching for Redwood City Redwoods : RHP Thatcher Smith
Pitching: RHP Manny Maldonado
Now at 1B: Carlos Gonzáles
Now in LF: Jeff Tucker
Batting: RHB Pedro Rodríguez 0-0: Ball
1-0: Called Strike
1-1: Swinging Strike
1-2: Strikes out swinging
Batting: RHB Tomás Carranza 0-0: Foul Ball, location: 2F
0-1: Called Strike
0-2: Strikes out swinging
Batting: SHB Nick Cox 0-0: Ball
1-0: Ball
2-0: Foul Ball, location: 2F
2-1: Called Strike
2-2: Strikes out swinging
Top of the 9th over - 0 run(s), 0 hit(s), 0 error(s), 0 left on base; Spokane 0 - Redwood City 3
Monday, December 5th, 2016 - OOTP Baseball 17.12 Build 75